 Dungeon Crawl Stone Soup version 0.29.1-12-g30fa7ad0bf (webtiles) character file.

Game seed: 11072468780507224625

2400 styxcanada the Covert (level 9, 0/44 HPs)
             Began as a Spriggan Brigand on Dec 17, 2022.
             Slain by Grinder (1 damage)
             ... on level 6 of the Dungeon.
             The game lasted 00:34:04 (8368 turns).

styxcanada the Covert (Spriggan Brigand)            Turns: 8368, Time: 00:34:05

Health: 0/44       AC: 10    Str:  6    XL:     9   Next: 23%
Magic:  14/14      EV: 23    Int: 15    God:
Gold:   263        SH:  0    Dex: 25    Spells: 12/14 levels left

rFire   . . .      SeeInvis +   a - +2 dagger (protect)
rCold   . . .      Faith    .   (no shield)
rNeg    . . .      Spirit   .   b - +0 robe
rPois   .          Reflect  .   (helmet restricted)
rElec   .          Harm     .   c - +0 cloak
rCorr   .          Rampage  .   (gloves unavailable)
Will    +....                   (boots unavailable)
Stlth   +++++.....              (no amulet)
HPRegen 0.14/turn               k - +6 ring of intelligence
MPRegen 0.14/turn               (no ring)

@: under a protective aura, very quick
A: very small, no large weapons, unfitting armour, see invisible, speed 3, agile
1, dopey 1
a: no special abilities


You were on level 6 of the Dungeon.
You visited 2 branches of the dungeon, and saw 7 of its levels.

You collected 263 gold pieces.

Inventory:

Hand Weapons
 a - a +2 dagger of protection (weapon)
 l - a +0 vorpal sling
 r - a +1 flail of protection
Missiles
 e - 7 poisoned darts (quivered)
 h - 2 throwing nets
 j - a curare-tipped dart
 n - 63 stones
 u - 2 boomerangs
Armour
 b - a +0 robe (worn)
 c - a +0 cloak (worn)
 g - a scarf of repulsion
Jewellery
 k - a +6 ring of intelligence (left hand)
 o - a +4 ring of evasion
 s - a ring of flight
Wands
 d - a wand of light (14)
 f - a wand of flame (24)
 x - a wand of iceblast (2)
 y - a wand of digging (5)
Scrolls
 t - a scroll of fear
 v - a scroll of teleportation
Potions
 i - 2 potions of heal wounds
 m - 4 potions of curing
 p - 2 potions of lignification
 q - a potion of mutation
 w - a potion of berserk rage
 z - a potion of invisibility


   Skills:
 + Level 3.3 Fighting
 + Level 5.5 Short Blades
 + Level 2.3 Ranged Weapons
 + Level 3.6 Throwing
 * Level 6.8 Dodging
 * Level 11.2 Stealth
 * Level 3.1 Spellcasting
 * Level 2.1 Air Magic
 * Level 2.2 Poison Magic
 * Level 4.5 Evocations


You had 12 spell levels left.
You knew the following spells:

 Your Spells              Type           Power      Damage    Failure   Level
a - Poisonous Vapours     Pois/Air       16%        N/A       12%         2

Your spell library contained the following spells:

 Spells                   Type           Power      Damage    Failure   Level
 Sting                    Tmut/Pois      20%        1d4       13%         1
 Summon Small Mammal      Summ           8%         N/A       21%         1
 Blink                    Tloc           4%         N/A       30%         2
 Call Canine Familiar     Summ           2%         N/A       52%         3
 Summon Guardian Golem    Hex/Summ       2%         N/A       52%         3
 Olgreb's Toxic Radiance  Pois           8%         N/A       63%         4
 Manifold Assault         Tloc           2%         N/A       99%         5
 Storm Form               Tmut/Air       2%         N/A       100%        7


Dungeon Overview and Level Annotations

Branches:
Dungeon (6/15)             Temple (1/1) D:5

Altars:
Ashenzari
Cheibriados
Dithmenos
Elyvilon
Kikubaaqudgha
Makhleb
Okawaru
Qazlal
Trog
Uskayaw
Vehumet
Wu Jian
Xom
Zin
The Shining One

Shops:
D:6 (

Annotations:
D:6 Grinder


Innate Abilities, Weirdness & Mutations

You are very small and have problems with some larger weapons.
You are too small for most types of armour.
You have supernaturally acute eyesight. (SInv)
You cover ground extremely quickly. (Speed+++)
You are agile. (Dex +4, Str/Int -1)
You are dopey. (Int -2)


Message History

Grinder is heavily wounded.
Grinder gestures at you. Pain shoots through your body!
You hit Grinder but do no damage.
Grinder is heavily wounded.
Grinder gestures at you. You resist with almost no effort.
You hit Grinder.
Grinder is severely wounded.
You hit Grinder.
Grinder is severely wounded.
Grinder gestures at you.
You suddenly lose the ability to move!
Grinder blinks!
Grinder says, "Tell me all your secrets, or I'll kill you."
Grinder gestures at you. You resist with almost no effort.
You can move again.
You hit Grinder but do no damage.
Your weapon exudes an aura of protection.
Grinder is severely wounded.
Grinder says, "Tell me all your secrets, or I'll kill you."
Grinder hits you!
* * * LOW HITPOINT WARNING * * *
You writhe in agony.
* * * LOW HITPOINT WARNING * * *
You hit Grinder.
Grinder is almost dead.
Grinder misses you.
You hit Grinder.
Grinder is almost dead.
You hit Grinder.
Grinder is almost dead.
Grinder closely misses you.
You barely miss Grinder.
Grinder is almost dead.
Grinder hits you!
* * * LOW HITPOINT WARNING * * *
You writhe in agony.
You die...

#################..##...
...........)....#.......
..c.....))())...#...[...
..#####..#####).#.......
......#(.#......#.......
.....J#).#......#..#....
####..#..#..#####..#....
.....#).#......#.#...##
..)...#@.#s.....#.......
.(#####5.#####..#.#.####
......#..#......#.#.# ##
....S#..#..... #...###.
###..#..#..#####.......
.....#..#.....F#.......
.....#..#......#.......
.#####..#####$.#.......
.....#..# #.#.#.##


You could see Grinder, a scorpion and an adder.

Vanquished Creatures
  Eustachio (D:5)
  The ghost of SirLogeyBear the Chopper, an amateur HOBe of Trog (D:4)
  A water moccasin (D:6)
  3 black bears
  A sky beast (D:6)
  An orc warrior (D:6)
  A phantom (D:6)
  4 centaurs
  A bullfrog (D:4)
  A necrophage (D:6)
  3 scorpions (D:5)
  2 orc priests
  6 hounds
  A gnoll bouda (D:2)
  3 iguanas
  3 jellies
  Jessica (D:2)
  Terence (D:2)
  4 orc wizards
  7 gnolls
  8 adders
  A shadow imp (D:6)
  A worm (D:2)
  A dart slug (D:3)
  18 orcs
  7 ball pythons
  4 endoplasms
  4 giant cockroaches
  19 goblins
  10 hobgoblins
  3 jackals (D:3)
  3 quokkas
  3 bats
  5 frilled lizards
  13 kobolds
  4 rats
150 creatures vanquished.

Vanquished Creatures (collateral kills)
  2 goblins (D:4)
2 creatures vanquished.

Vanquished Creatures (others)
  An orc wizard (D:6)
1 creature vanquished.

Grand Total: 153 creatures vanquished

Notes
Turn   | Place    | Note
-------+----------+-------------------------------------------
     0 | D:1      | styxcanada the Spriggan Brigand began the quest for the
                  | Orb.
     0 | D:1      | Reached XP level 1. HP: 10/10 MP: 2/2
    32 | D:1      | Reached skill level 6 in Stealth
   272 | D:1      | Reached XP level 2. HP: 14/14 MP: 3/3
   620 | D:1      | Found a faded altar of an unknown god.
   640 | D:1      | Reached XP level 3. HP: 16/18 MP: 4/4
  1197 | D:2      | Noticed Jessica
  1200 | D:2      | Killed Jessica
  1201 | D:2      | Reached skill level 7 in Stealth
  1409 | D:2      | Reached XP level 4. HP: 23/23 MP: 5/5
  1766 | D:2      | Reached skill level 1 in Ranged Weapons
  1847 | D:2      | Reached XP level 5. HP: 12/26 MP: 6/6
  2373 | D:2      | Noticed Terence
  2382 | D:2      | Killed Terence
  2733 | D:3      | Found an iron altar of Okawaru.
  2854 | D:3      | Gained mutation: You are dopey. (Int -2) [potion of
                  | mutation]
  2854 | D:3      | Gained mutation: You are agile. (Dex +4, Str/Int -1)
                  | [potion of mutation]
  3426 | D:3      | Reached skill level 8 in Stealth
  4106 | D:3      | Reached XP level 6. HP: 30/30 MP: 7/7
  4372 | D:3      | Found a broken altar of Ashenzari.
  4451 | D:4      | You fall into a shaft and drop 1 floor!
  4451 | D:5      | Entered Level 5 of the Dungeon
  4468 | D:5      | Found a white marble altar of Elyvilon.
  4514 | D:5      | Reached skill level 1 in Evocations
  4551 | D:5      | Found a burning altar of Makhleb.
  4614 | D:4      | Found a runed translucent door.
  4742 | D:4      | Reached XP level 7. HP: 17/35 MP: 8/8
  4762 | D:4      | Noticed SirLogeyBear's ghost (amateur HOBe)
  4947 | D:4      | Found a shimmering altar of Xom.
  5224 | D:4      | Found a glowing golden altar of the Shining One.
  5344 | D:4      | Found a bloodstained altar of Trog.
  5743 | D:4      | Reached skill level 9 in Stealth
  6225 | D:4      | Killed SirLogeyBear's ghost
  6226 | D:4      | Reached skill level 5 in Dodging
  6297 | D:5      | Found a staircase to the Ecumenical Temple.
  6303 | Temple   | Entered the Ecumenical Temple
  6537 | D:5      | Reached XP level 8. HP: 40/40 MP: 8/10
  6547 | D:5      | Learned a level 2 spell: Poisonous Vapours
  6752 | D:5      | Noticed Eustachio
  6758 | D:5      | Killed Eustachio
  6759 | D:5      | Reached skill level 1 in Spellcasting
  7048 | D:5      | Reached skill level 10 in Stealth
  7061 | D:5      | Reached skill level 1 in Poison Magic
  7575 | D:6      | Found Ymikhlac's Weapon Emporium.
  7631 | D:6      | Reached skill level 5 in Short Blades
  7631 | D:6      | Reached skill level 1 in Air Magic
  7665 | D:6      | HP: 1/40 [orc warrior/+2 flail of protection (2)]
  8213 | D:6      | Reached skill level 11 in Stealth
  8246 | D:6      | Reached XP level 9. HP: 44/44 MP: 12/14
  8278 | D:6      | Noticed Grinder
  8358 | D:6      | Paralysed by Grinder for 5 turns
  8368 | D:6      | HP: 1/44 [Grinder (7)]
  8368 | D:6      | Slain by Grinder

Illustrated notes

Levels and vault maps discovered:
D:1:      matt_arrival_spirals, layout_loops_cross,
          shapermc_ecumenical_altar_acropolis
D:2:      layout_basic, st_stairs_7, chequers_serial_rivers_micro_b,
          uniq_jessica, uniq_terence
D:3:      kennysheep_goblin_castle, layout_basic, okawaru_gym_becter,
          ashenzari_altar_1, chequers_serial_rivers_micro_a,
          dreamdust_princess_corridor, serial_bayou_pond_b
D:4:      layout_basic, mainiacjoe_overflow_tiny_flanked, trog_hazing_becter,
          mainiacjoe_overflow_24_doors, ebering_ghost_sewer_d,
          kennysheep_generic_room_7
D:5:      layout_layer_cave, lemuel_round_altar, mainiacjoe_overflow_alcove_2,
          minmay_temple_entry_proselytizer, serial_bayou, serial_bayou_shore_a,
          serial_bayou_lagoon_a, serial_bayou_pond_e, serial_bayou_shore_b,
          uniq_eustachio
D:6:      kennysheep_windowed_halls, layout_rooms, serial_shops,
          nicolae_shop_bloodbath_and_beyond, uniq_pikel, uniq_grinder
Temple:   nicolae_temple_superstar

Skill      XL: |  1  2  3  4  5  6  7  8  9 |
---------------+----------------------------+-----
Stealth        | 6 7 8 9 11 | 11.2
Dodging        | 2 3 4 5 6 |  6.8
Fighting       | 2 3 |  3.3
Short Blades   | 3 4 5 |  5.5
Ranged Weapons | 1 2 |  2.3
Evocations     | 2 3 4 |  4.5
Throwing       | 3 |  3.6
Spellcasting   | 2 3 |  3.1
Poison Magic   | 1 2 |  2.2
Air Magic      | 1 2 |  2.1

Action                   |  1- 3 |  4- 6 |  7- 9 || total
-------------------------+-------+-------+-------++-------
Melee: Dagger            |    87 |   175 |   282 ||   544
       Punch             |     1 |       |     7 ||     8
 Fire: Sling             |       |    65 |     9 ||    74
Throw: Dart              |     7 |    52 |    26 ||    85
       Throwing net      |       |       |     1 ||     1
Evoke: Wand              |       |       |     9 ||     9
  Use: Scroll            |       |    11 |     8 ||    19
       Potion            |       |     2 |     4 ||     6
 Stab: Sleeping          |     8 |    11 |    11 ||    30
       Distracted        |       |     1 |       ||     1
       Held in net/web   |       |       |     1 ||     1
Armor: Robe              |     5 |    44 |    39 ||    88
Dodge: Dodged            |    52 |   139 |   199 ||   390
